 Dungeon Sprint DCSS version 0.30-a0-250-g41c1d76940 (webtiles) character file.

Game seed: 5867021196409855192

5421 rocky1 the Thaumaturge (level 10, -32/84 HPs)
             Began as a Djinni Fire Elementalist on Oct 13, 2022.
             Was an Initiate of Gozag.
             Annihilated by a seven-headed hydra simulacrum (51 damage)
             ... in the Dungeon (Sprint III: "The Ten Rune Challenge").
             The game lasted 00:12:00 (1963 turns).

rocky1 the Thaumaturge (Djinni Fire Elementalist)   Turns: 1963, Time: 00:12:01

Health: -32/84     AC: 14    Str:  7    XL:     10   Next: 99%
Gold:   942        EV: 11    Int: 19    God:    Gozag SH:  0 Dex: 19

rFire   + + .      SeeInvis .    o - +1 long sword (holy)
rCold   x . .      Faith    .    (no shield)
rNeg    . . .      Spirit   .    t - +3 scale mail "Wuwkaet" {Dex+3}
rPois   ∞          Reflect  .    (no helmet)
rElec   .          Harm     .    i - +2 cloak {Will+}
rCorr   +          Rampage  .    (no gloves)
Will    ++...      NoTele   +    (boots unavailable)
Stlth   +.........               (no amulet)
HPRegen 0.34/turn                f - ring of resist corrosion
MPRegen 0.00/turn                (no ring)

@: flying
A: sickness immunity, fire resistance 2, cold vulnerability 1, float, innate
caster, HP casting, extra vitality 1
a: Renounce Religion, Potion Petition, Call Merchant, Bribe Branch


You were in the Dungeon.
You worshipped Gozag.
Gozag was pleased with you.
You visited 1 branch You collected 4034 gold pieces.
You spent 1651 gold pieces at shops.
You paid 1441 gold pieces to Gozag.

Inventory:

Hand Weapons
 o - a +1 long sword of holy wrath (weapon)
Armour
 i - a +2 cloak of willpower (worn)
 t - the +3 scale mail "Wuwkaet" (worn) {Dex+3}
   (You bought it in a shop in the Dungeon)

   Dex:       It affects your dexterity (+3).
Magical Staves
 r - a staff of air
Jewellery
 f - a ring of resist corrosion (left hand)
Scrolls
 j - a scroll of immolation {unknown}
 k - 2 scrolls of identify {unknown}
 l - a scroll of poison {unknown}
 p - a scroll of amnesia {unknown}
Potions
 b - 4 potions of curing
 d - 2 potions of haste
 e - 2 potions of berserk rage
 h - a potion of cancellation {unknown}
 m - 7 potions of mutation
 s - a potion of attraction {unknown}


   Skills:
 - Level 12.0 Fighting
 * Level 8.7 Long Blades
 - Level 7.8 Armour
 - Level 8.9 Dodging
 - Level 1.5 Stealth
 - Level 13.1 Spellcasting


You had 13 spell levels left.
You knew the following spells:

 Your Spells              Type           Power      Damage    Failure   Level
a - Foxfire               Conj/Fire      100%       2x1d9     1%          1
b - Scorch                Fire           100%       2d10      1%          2
c - Kindle Blastsparks    Fire/Tloc/Air  100%       2d18      1%          3
d - Inner Flame           Hex/Fire       58%        N/A       1%          3
e - Flame Wave            Conj/Fire      58%        2d14      1%          4
f - Freeze                Ice            100%       1d10      1%          1
g - Ensorcelled Hibernat  Hex/Ice        100%       N/A       1%          2
h - Passwall              Tmut/Erth      48%        N/A       1%          2
i - Passage of Golubria   Tloc           58%        N/A       1%          4
Your spell library was empty.

Dungeon Overview and Level Annotations

Branches:
Dungeon (1/1)

Altars:
Cheibriados
Dithmenos
Elyvilon
Fedhas
Gozag
Hepliaklqana
Makhleb
Nemelex Xobeh
Okawaru
Qazlal
Ru
Trog
Uskayaw
Wu Jian
Xom
Yredelemnul
Zin
The Shining One
Jiyva
Lugonu

Shops:
D **


Innate Abilities, Weirdness & Mutations

You are immune to sickness and miasma.
You are immune to poison.
Your flesh is very heat resistant. (rF++)
You are vulnerable to cold. (rC-)
You float through the air rather than walking.
You learn spells naturally, not from books.
Your magical power is your life essence.
You have superior vitality. (+4 MHP)


Message History

Confirm with . or Enter, or press ? or * to list all spells.
You can't see any susceptible monsters within range! (Use Z to cast anyway.)
Casting: Flame Wave (dangerous; 1% risk of failure)
Confirm with . or Enter, or press ? or * to list all spells.
Flames lash the black mamba simulacrum.
The black mamba simulacrum melts!
The black mamba simulacrum is severely damaged.
The black mamba simulacrum's fire resistance burns away.
Casting: Scorch (safe; 1% risk of failure)
Confirm with . or Enter, or press ? or * to list all spells.
Flames lash the black mamba simulacrum.
The black mamba simulacrum melts!
The black mamba simulacrum vaporises!
Unknown command.
A seven-headed hydra simulacrum comes into view.
Casting: Scorch (safe; 1% risk of failure)
Confirm with . or Enter, or press ? or * to list all spells.
You can't see any susceptible monsters within range! (Use Z to cast anyway.)
A four-headed hydra comes into view.
You reach down and close the door, pushing everything out of the way.
You start resting.
HP restored.
You reach down and open the door.
Casting: Scorch (safe; 1% risk of failure)
Confirm with . or Enter, or press ? or * to list all spells.
Flames lash the seven-headed hydra simulacrum.
The seven-headed hydra simulacrum melts!
The seven-headed hydra simulacrum is moderately damaged.
The seven-headed hydra simulacrum's fire resistance burns away.
The seven-headed hydra simulacrum bites you.
The seven-headed hydra simulacrum freezes you!!!
You feel a terrible chill!
Ouch! That really hurt!
* * * LOW HITPOINT WARNING * * *
The seven-headed hydra simulacrum bites you but does no damage.
The seven-headed hydra simulacrum bites you.
* * * LOW HITPOINT WARNING * * *
The seven-headed hydra simulacrum freezes you!!!
You feel a terrible chill!
Ouch! That really hurt!
You die...
Your body crumbles into a pile of gold.

)#)#..##....#
.#'#####################
.#.§§§§'.#)).).+.#.#.#.+
.#.#§§~#.#.#...##.#.#.##
.'.#.§§#.#.#...#.#.#.#.#
.#.#..§#...#...##.#.#.##
▓▓▓▓▓▓▓▓▓▓▓▓▓▓▓#.#.#.#.#
~........~~~...##.#.#.##
≈≈≈≈≈≈≈≈≈≈≈♣...Z@#.#.#.#
♣♣♣♣♣♣♣♣♣.....$##.#.#.##
♣.....##+##### ♣♣♣.♣♣#
.. $ .. $ ≈ $


You could see a seven-headed hydra simulacrum (combustible).

Vanquished Creatures
  Josephine (D)
  A centaur warrior (D)
  2 orc high priests (D)
  A deep elf pyromancer (D)
  An orc knight (D)
  An unseen horror (D)
  3 wandering mushrooms (D)
  A shadow (D)
  A spatial vortex (D)
  A black mamba simulacrum (D)
  2 centaurs (D)
  A fire dragon simulacrum (D)
  An earth elemental (D)
  A necrophage (D)
  A water elemental (D)
  A jelly (D)
  Crazy Yiuf (D)
  2 orc priests (D)
  Jessica (D)
  A wizard (D)
  An orc wizard (D)
  A necromancer (D)
  A wolf simulacrum (D)
  A kobold demonologist (D)
  3 humans (D)
  12 orcs (D)
  2 endoplasms (D)
  A rat (D)
47 creatures vanquished.

Vanquished Creatures (others)
  47 foxfires (D)
  3 plants (D)
50 creatures vanquished.

Grand Total: 97 creatures vanquished

Notes
Turn   | Place    | Note
-------+----------+-------------------------------------------
     0 | D        | rocky1 the Djinni Fire Elementalist began the quest for the
                  | Orb.
     0 | D        | rocky1 set off with the following spells memorised:
                  | Foxfire, Scorch, Kindle Blastsparks, Inner Flame, Flame
                  | Wave.
     0 | D        | Reached XP level 1. HP: 15/15 MP: 0/0
    16 | D        | Reached skill level 1 in Fighting
    16 | D        | Reached skill level 3 in Spellcasting
   135 | D        | Noticed Jessica
   139 | D        | Killed Jessica
   140 | D        | Reached skill level 4 in Spellcasting
   140 | D        | Reached XP level 2. HP: 18/25 MP: 0/0
   140 | D        | Reached XP level 3. HP: 21/30 MP: 0/0
   140 | D        | Learned a level 1 spell: Freeze
   228 | D        | Noticed Crazy Yiuf
   233 | D        | Killed Crazy Yiuf
   234 | D        | Reached skill level 5 in Spellcasting
   234 | D        | Reached XP level 4. HP: 34/38 MP: 0/0
   290 | D        | Noticed a water elemental
   293 | D        | Killed a water elemental
   294 | D        | Reached skill level 5 in Fighting
   294 | D        | Reached skill level 6 in Spellcasting
   294 | D        | Reached XP level 5. HP: 37/43 MP: 0/0
   294 | D        | Learned a level 2 spell: Ensorcelled Hibernation
   428 | D        | Noticed a shadow
   431 | D        | Killed a shadow
   432 | D        | Reached skill level 8 in Spellcasting
   432 | D        | Reached XP level 6. HP: 47/53 MP: 0/0
   441 | D        | Found a blossoming altar of Fedhas.
   441 | D        | Found a stormy altar of Qazlal.
   441 | D        | Found a snail-covered altar of Cheibriados.
   441 | D        | Found a burning altar of Makhleb.
   441 | D        | Found a shimmering altar of Xom.
   441 | D        | Noticed a spatial vortex
   445 | D        | Found a hazy altar of Hepliaklqana.
   445 | D        | Found an opulent altar of Gozag.
   445 | D        | Found a sparkling altar of Nemelex Xobeh.
   445 | D        | Found a corrupted altar of Lugonu.
   445 | D        | Found a viscous altar of Jiyva.
   450 | D        | Became a worshipper of Gozag Ym Sagoz the Greedy
   473 | D        | Found a basalt altar of Yredelemnul.
   473 | D        | Found a shadowy altar of Dithmenos.
   473 | D        | Found a sacrificial altar of Ru.
   477 | D        | Reached skill level 9 in Spellcasting
   477 | D        | Reached XP level 7. HP: 52/58 MP: 0/0
   477 | D        | Learned a level 2 spell: Passwall
   508 | D        | Found a hide-covered altar of Uskayaw.
   508 | D        | Found an iron altar of Okawaru.
   508 | D        | Found a bloodstained altar of Trog.
   508 | D        | Found an ornate altar of the Wu Jian Council.
   508 | D        | Noticed a human
   511 | D        | Noticed a human
   513 | D        | Killed a human
   518 | D        | Killed a human
   519 | D        | Reached skill level 10 in Spellcasting
   612 | D        | Found a glowing silver altar of Zin.
   612 | D        | Found a glowing golden altar of the Shining One.
   612 | D        | Found a white marble altar of Elyvilon.
   613 | D        | Noticed a deep elf pyromancer
   617 | D        | Killed a deep elf pyromancer
   618 | D        | Reached skill level 11 in Spellcasting
   618 | D        | Reached XP level 8. HP: 61/68 MP: 0/0
   690 | D        | Reached skill level 10 in Fighting
   690 | D        | Reached skill level 1 in Long Blades
   748 | D        | Noticed Josephine
   755 | D        | Killed Josephine
   756 | D        | Reached XP level 9. HP: 59/75 MP: 0/0
   756 | D        | Learned a level 4 spell: Passage of Golubria
   812 | D        | Noticed an orc knight
   838 | D        | Reached skill level 5 in Armour
   845 | D        | Killed an orc knight
   846 | D        | Reached skill level 12 in Spellcasting
  1067 | D        | Noticed an orc high priest
  1071 | D        | Killed an orc high priest
  1072 | D        | Reached XP level 10. HP: 72/83 MP: 0/0
  1170 | D        | Noticed an orc high priest
  1177 | D        | Killed an orc high priest
  1178 | D        | Reached skill level 5 in Long Blades
  1179 | D        | Found Roliremi's Assorted Antiques.
  1223 | D        | Bought a potion of mutation for 208 gold pieces
  1223 | D        | Bought a potion of haste for 260 gold pieces
  1223 | D        | Bought a bone ring for 130 gold pieces
  1223 | D        | Bought a potion of curing for 78 gold pieces
  1223 | D        | Bought a potion of curing for 78 gold pieces
  1301 | D        | Bought a potion of mutation for 200 gold pieces
  1301 | D        | Bought a scroll labelled NUMOTRY NAIMER for 25 gold pieces
  1301 | D        | Bought a small steel ring for 125 gold pieces
  1301 | D        | Bought a long runed staff for 300 gold pieces
  1301 | D        | Bought a smoky pink potion for 22 gold pieces
  1301 | D        | Bought a buzzing scale mail for 225 gold pieces
  1301 | D        | Identified the +3 scale mail "Wuwkaet" {Dex+3} (You bought
                  | it in a shop in the Dungeon)
  1583 | D        | Noticed a centaur warrior
  1591 | D        | Killed a centaur warrior
  1592 | D        | Reached skill level 13 in Spellcasting
  1775 | D        | Killed an unseen horror
  1955 | D        | Noticed a four-headed hydra
  1963 | D        | Annihilated by a seven-headed hydra simulacrum

Illustrated notes

Levels and vault maps discovered:
D:        dungeon_sprint_mu [sprint_mu_entry_forest, sprint_mu_temple_rooms,
          sprint_mu_d1_horrors, sprint_mu_d2_genie, sprint_mu_d3_branching,
          sprint_mu_orc_legion, sprint_mu_elf_gauntlet, sprint_mu_hive_nellie,
          sprint_mu_lair_fedhas, sprint_mu_vaults_butterflies,
          sprint_mu_slime_circle, sprint_mu_swamp_cave, sprint_mu_snake_twists,
          sprint_mu_blade_basic, sprint_mu_crypt_fortress,
          sprint_mu_tomb_spiral, sprint_mu_vestibule_basic,
          sprint_mu_gehenna_hellfire, sprint_mu_dis_giant,
          sprint_mu_tartarus_statrot, sprint_mu_cocytus_islands, sprint_mu_zot1]

Skill      XL: |  1  2  3  4  5  6  7  8  9 10 |
---------------+-------------------------------+-----
Fighting       | 3 4 5 7 9 10 11 12 | 12.0
Spellcasting   | 4 5 6 8 9 11 12 13 | 13.1
Armour         | 3 4 6 7 |  7.8
Dodging        | 4 6 7 8 |  8.9
Long Blades    | 3 4 8 |  8.7
Stealth        | |  1.5

Action                   |  1- 3 |  4- 6 |  7- 9 | 10-12 || total
-------------------------+-------+-------+-------+-------++-------
Melee: Unarmed           |     1 |       |       |       ||     1
       Long sword        |       |       |     8 |    30 ||    38
       Punch             |       |       |     1 |     1 ||     2
 Cast: Foxfire           |    12 |       |    14 |     1 ||    27
       Scorch            |     5 |    11 |    36 |    42 ||    94
       Inner Flame       |       |       |     1 |       ||     1
       Flame Wave        |       |       |       |     1 ||     1
Invok: Potion Petition   |       |       |       |     2 ||     2
       Call Merchant     |       |       |       |     1 ||     1
  Use: Scroll            |       |       |     1 |       ||     1
       Potion            |       |       |     1 |       ||     1
Armor: Robe              |     1 |       |     2 |       ||     3
       Scale mail        |       |       |       |    30 ||    30
Dodge: Dodged            |     3 |     1 |     4 |    22 ||    30

Table legend: (Time is in decaauts)
 A = Elapsed time spent in this place.
 B = Non-inter-level travel time spent in this place.
 C = Inter-level travel time spent in this place.
 D = Time resting spent in this place.
 E = Time spent auto-exploring this place.
 F = Levels seen in this place.
 G = Mean time per level.
                   A        B        C        D        E       F      G
               +--------+--------+--------+--------+--------+-----+--------+
         Total |   1973 |   1967 |      6 |   1209 |      0 |   1 | 1973.0 |
       Dungeon |   1973 |   1967 |      6 |   1209 |      0 |   1 | 1973.0 |
               +--------+--------+--------+--------+--------+-----+--------+

Top non-repeatable levels by time:
       D: 1973 daAuts
